 Dungeon Crawl Stone Soup version 0.17-a0-2064-g265a032 (webtiles) character file.

325 Ijustatesigmund the Sneak (level 6, 0/36 HPs)
             Began as an Octopode Wizard on Oct 12, 2015.
             Slain by a worker ant (4 damage)
             ... on level 5 of the Dungeon.
             The game lasted 00:16:23 (4578 turns).

Ijustatesigmund the Sneak (Octopode Wizard)         Turns: 4578, Time: 00:16:23

Health: 0/36       AC:  1    Str:  6    XL:     6   Next: 48%
Magic:  5/19       EV: 12    Int: 23    God:
Gold:   95         SH:  0    Dex: 14    Spells: 4 memorised, 2 levels left

rFire  . . .     SeeInvis .     r - -1 dagger (curse)
rCold  . . .     Clarity  .     (no shield)
rNeg   . . .     SustAt   .     w - +0 hat
rPois  .         Gourm    .     (no amulet)
rElec  .         Spirit   .     p - ring of magical power
rCorr  .         Warding  .     t - +4 ring of dexterity
rMut   .         Stasis   .     (no ring)
MR     .....                    (no ring)
Stlth  ++++......               (no ring)
                                (no ring)
                                (no ring)
                                (no ring)

@: very slightly contaminated, not resistant to hostile enchantments, stealthy
A: almost no armour, amphibious, 8 rings, constrict 8, camouflage 1, gelatinous
body 1
a: no special abilities


You were on level 5 of the Dungeon.
You were hungry.

You visited 1 branch of the dungeon, and saw 5 of its levels.

You collected 222 gold pieces.
You spent 127 gold pieces at shops.

Inventory:

Hand Weapons
 h - a +0 dagger
 m - a +1 hunting sling
 r - a cursed -1 dagger (weapon)
Missiles
 u - 32 sling bullets
Armour
 a - a +0 hat
 w - a +0 hat (worn)
 x - a +1 shield of protection
Jewellery
 p - a ring of magical power (left tentacle)
 t - a +4 ring of dexterity (right tentacle)
Scrolls
 q - a scroll of recharging
 v - a scroll of teleportation
 y - a scroll of immolation {unknown}
Potions
 d - a potion of lignification {unknown}
 g - a potion of brilliance
 i - 3 potions of heal wounds
 j - a potion of resistance
 k - 3 potions of curing
 l - a potion of mutation {unknown}
 n - 2 potions of flight
 o - a potion of haste {unknown}
Books
 b - a book of Minor Magic

   Spells                             Type                      Level
   a - Magic Dart                     Conjuration                  1
   b - Blink                          Translocation                2
   c - Call Imp                       Summoning                    2
   d - Repel Missiles                 Charms/Air                   2
   e - Slow                           Hexes                        2
   f - Conjure Flame                  Conjuration/Fire             3
   g - Mephitic Cloud                 Conjuration/Poison/Air       3
 s - a book of Hinderance

   Spells                             Type                      Level
   a - Confusing Touch                Hexes                        2
   b - Confuse                        Hexes                        3
   c - Gell's Gravitas                Hexes/Translocation          3
   d - Petrify                        Transmutation/Earth          4
   e - Metabolic Englaciation         Hexes/Ice                    5
Comestibles
 c - 8 bread rations
 f - a meat ration


   Skills:
 - Level 1.0 Short Blades
 - Level 2.0 Dodging
 - Level 4.0 Stealth
 - Level 3.0 Spellcasting
 + Level 3.2 Conjurations
   Level 1.0 Summonings
 + Level 3.5 Translocations
 + Level 2.1 Air Magic
 + Level 2.4 Poison Magic


You had 2 spell levels left.
You knew the following spells:

 Your Spells              Type           Power        Failure   Level  Hunger
a - Magic Dart            Conj           ###.         2%          1    None
b - Blink                 Tloc           N/A          4%          2    ##.....
c - Mephitic Cloud        Conj/Pois/Air  ###.....     14%         3    ###....
d - Conjure Flame         Conj/Fire      ##......     21%         3    ###....


Dungeon Overview and Level Annotations

Branches:
Dungeon (5/15)
 Temple: D:4-7

Altars:
Fedhas
Kikubaaqudgha
Ru
Vehumet
Yredelemnul

Shops:
D:4 [


Innate Abilities, Weirdness & Mutations

You cannot wear most types of armour.
You are amphibious.
You can wear up to eight rings at the same time.
You can use your tentacles to constrict eight enemies at once.
Your skin changes colour to match your surroundings (Stealth).
Your rubbery body absorbs attacks (AC +1).


Message History

A puff of frost appears from out of thin air!
The puff of frost hits you!
* * * LOW HITPOINT WARNING * * *
You are feeling hungry.
There is a stone staircase leading down here.
You climb downwards.
A crimson imp and a zombie come into view.
There is a stone staircase leading up here.
Read which item? (? for menu, Esc to quit)
As you read the scroll of teleportation, it crumbles to dust.
You feel strangely unstable. The crimson imp hits you.
* * * LOW HITPOINT WARNING * * *
Your surroundings suddenly seem different.
A worker ant and a sky beast come into view.
The helpless worker ant fails to defend itself.
You puncture the worker ant! Your grab misses the worker ant.
The worker ant is severely wounded.
The worker ant bites you.
You die...

#########
##.......##
#......@a.#
##.........#
####...##..#
#..... ....
......## #..
#....... #
###...Y.
......


You could see a sky beast (sleeping) and a worker ant.

Vanquished Creatures
  An ogre (D:4)
  A centaur skeleton (D:3)
  A worker ant (D:3)
  10 adders
  An ooze (D:1)
  2 worms (D:3)
  3 giant geckos
  6 orcs
  3 giant cockroaches
  10 hobgoblins
  7 jackals
  3 ball pythons
  5 bats
  4 giant newts
  3 goblins
  A jackal skeleton (D:3)
  5 kobolds
  A quokka skeleton (D:4)
  6 rats
73 creatures vanquished.

Notes
Turn   | Place    | Note
--------------------------------------------------------------
     0 | D:1      | Ijustatesigmund the Octopode Wizard began the quest for the Orb.
     0 | D:1      | Reached XP level 1. HP: 11/11 MP: 4/4
   558 | D:1      | Reached XP level 2. HP: 9/17 MP: 6/6
   562 | D:1      | Learned a level 2 spell: Blink
  1106 | D:1      | Reached skill level 1 in Short Blades
  1275 | D:2      | Reached XP level 3. HP: 21/21 MP: 3/7
  1280 | D:2      | Learned a level 3 spell: Mephitic Cloud
  1514 | D:2      | Reached XP level 4. HP: 27/27 MP: 5/8
  1751 | D:2      | Found a radiant altar of Vehumet.
  2606 | D:3      | Reached skill level 4 in Stealth
  2718 | D:3      | Found a blossoming altar of Fedhas.
  2776 | D:3      | Reached XP level 5. HP: 19/31 MP: 9/9
  3029 | D:3      | Learned a level 3 spell: Conjure Flame
  3344 | D:3      | Reached skill level 1 in Air Magic
  3344 | D:3      | Reached skill level 1 in Poison Magic
  3701 | D:3      | Found a sacrificial altar of Ru.
  3906 | D:3      | Found an ancient bone altar of Kikubaaqudgha.
  3907 | D:3      | Found a basalt altar of Yredelemnul.
  3980 | D:4      | Found Yzxusuwk's Antique Armour Shop.
  4009 | D:4      | Bought a hat for 60 gold pieces
  4009 | D:4      | Bought a shiny shield for 67 gold pieces
  4173 | D:4      | Reached XP level 6. HP: 36/36 MP: 10/10
  4209 | D:4      | Noticed an ogre
  4256 | D:4      | HP: 1/36 [ogre/giant club (20)]
  4261 | D:4      | Killed an ogre
  4573 | D:5      | Entered Level 5 of the Dungeon
  4578 | D:5      | Slain by a worker ant

Vault maps used:
D:1:      dpeg_arrival_simpleton_a
D:2:      lemuel_doored_altar, serial_corexii_hall, corexii_hall_statues_l,
          corexii_hall_statues_u
D:3:      gammafunk_temple_overflow_pools, lemuel_coloured_pillars_altar,
          hangedman_ru_absence
D:4:      portal_sewer_entry_f, serial_shops, shop, first_bread
D:5:      nicolae_overflow_hidden_temple, grunt_gozag_statues, temple_statues

Action                   |  1- 3 |  4- 6 || total
-------------------------+-------+-------++-------
Melee: Unarmed           |     5 |       ||     5
       Dagger            |     5 |    22 ||    27
 Cast: Magic Dart        |    45 |   197 ||   242
       Blink             |       |     1 ||     1
  Use: Scroll            |       |    15 ||    15
       Potion            |       |     2 ||     2
 Stab: Sleeping          |     1 |     2 ||     3
  Eat: Chunk             |     2 |     7 ||     9
       Beef jerky        |       |     1 ||     1
